 Dungeon Crawl Stone Soup version 0.30.1-11-g7821555f0a (webtiles) character file.

Game seed: 7610207173864572293

1 Jerry the Shield-Bearer (level 1, -4/18 HPs)
             Began as a Demigod Fighter on Dec 13, 2023.
             Succumbed to a hobgoblin's poison
             ... on level 1 of the Dungeon.
             The game lasted 00:00:12 (75 turns).

Jerry the Shield-Bearer (Demigod Fighter)             Turns: 75, Time: 00:00:12

Health: -4/18      AC:  6    Str: 17    XL:     1   Next: 13%
Magic:  3/3        EV:  9    Int: 10    God:
Gold:   30         SH:  4    Dex: 13    Spells: 0/0 levels left

rFire   . . .        a - +0 war axe
rCold   . . .        c - +0 buckler
rNeg    . . .        b - +0 scale mail
rPois   .            (no helmet)
rElec   .            (no cloak)
rCorr   .            (no gloves)
SInv    .            (no boots)
Will    .....        (no amulet) Stlth
                     (no ring)
HPRegen 0.23/turn    (no ring)
MPRegen 0.08/turn

%: no passive effects
@: lethally poisoned (-4 -> -30)
A: high MP 1, forlorn, divine attributes
a: no special abilities


You were on level 1 of the Dungeon.
You visited 1 branch of the dungeon, and saw 1 of its levels.

You collected 30 gold pieces.

Inventory:

Hand Weapons
 a - a +0 war axe (weapon)
Armour
 b - a +0 scale mail (worn)
 c - a +0 buckler (worn)
Potions
 d - a potion of might
 e - 2 potions of curing {unknown}


   Skills:
 + Level 2.7 Fighting
 + Level 1.8 Axes
 + Level 2.7 Armour
 + Level 2.7 Shields


You couldn't memorise any spells.
You didn't know any spells.
Your spell library was empty.

Dungeon Overview and Level Annotations

Branches:
Dungeon (1/15)


Innate Abilities, Weirdness & Mutations

You have an increased reservoir of magic. (+10% MP)
You shall have no god before yourself.
Your divine heritage dramatically boosts your attributes as you level up.


Message History

The kobold throws a stone.
The stone hits you but does no damage.
There is an open door here.
A ball python comes into view.
A hobgoblin comes into view. It is wielding a +2 dagger of venom.
The hobgoblin shouts!
The ball python hisses angrily.
You hit the kobold.
You kill the kobold!
A kobold comes into view. It is wielding a +0 dagger.
The kobold shouts!
The ball python bites you but does no damage.
You block the ball python's attack.
Things that are here:
a +0 short sword; 4 stones You closely miss the hobgoblin.
You closely miss the ball python. The ball python barely misses you.
The ball python grabs you. The ball python constricts you.
The hobgoblin hits you but does no damage.
You are poisoned.
You block the ball python's attack. The ball python constricts you.
You closely miss the ball python. You barely miss the hobgoblin.
You feel sick.
The hobgoblin hits you with a +2 dagger of venom.
You are more poisoned.
You block the ball python's attack. The ball python constricts you.
The hobgoblin hits you with a +2 dagger of venom.
You are lethally poisoned!
You are too injured to fight recklessly!
You are too injured to fight recklessly!
You are too injured to fight recklessly!
The ball python's grasp on you weakens, but your attempt to escape fails.
* * * LOW HITPOINT WARNING * * *
You feel very sick.
The ball python bites you but does no damage.
The ball python constricts you.
The ball python bites you but does no damage.
The ball python constricts you.
The hobgoblin hits you with a +2 dagger of venom.
* * * LOW HITPOINT WARNING * * *
You are more poisoned.
You escape the ball python's grasp.
You die...

####### #....... #.....#
+........ ......#
##.....#.# ###...#
#..#........# .<#...#.
#..#........#
#.....#..###..#........#
#####.#...##..#gS......#
....#.#...##..##).K.....
..#>..#.......##@.......
..#####.# #...##........
........# #....'........
....#.### #.#.##........
#####.# #....#........
......# ###..####.....
.....########..# ....#
.....# ........# ...)#
.....# .######.## ##.#


You could see a hobgoblin, a ball python and a kobold.

Vanquished Creatures
  A frilled lizard (D:1)
  A kobold (D:1)
2 creatures vanquished.

Notes
Turn   | Place    | Note
-------+----------+-------------------------------------------
     0 | D:1      | Jerry the Demigod Fighter began the quest for the Orb.
     0 | D:1      | Reached XP level 1. HP: 18/18 MP: 3/3
    75 | D:1      | Succumbed to a hobgoblin's poison

Illustrated notes

Levels and vault maps discovered:
D:1:      ebering_trefoil_twist, layout_basic, serial_shops,
          nicolae_shop_rolling_square, ebering_ecumenical_altar_hall,
          minmay_split_cup_large

Action                     || total
---------------------------++-------
  Melee: War axe           ||     6
 Armour: Scale mail        ||     7
  Dodge: Dodged            ||     3
  Block: Buckler           ||     3
